 Dungeon Crawl Stone Soup version 0.18.1-47-g9310371 (console) character file.

8604 Kloppie the Spear-Bearer (level 11, 0/151 HPs)
             Began as a Minotaur Berserker on June 15, 2016.
             Was a High Priest of Trog.
             Slain by Snorg (5 damage)
             ... on level 10 of the Dungeon.
             The game lasted 00:16:24 (8182 turns).

Kloppie the Spear-Bearer (Minotaur Berserker)       Turns: 8182, Time: 00:16:24

Health: 0/151      AC: 17    Str: 28    XL:     11   Next: 12%
Magic:  10/10      EV:  8    Int:  4    God:    Trog [*****.]
Gold:   424        SH:  0    Dex: 10    Spells: 0 memorised, 10 levels left

rFire  . . .     SeeInvis .     y - +1 trident (vamp)
rCold  + . .     Gourm    .     D - +0 plate armour
rNeg   . . .     Faith    .     (no shield)
rPois  .         Spirit   .     (helmet restricted)
rElec  .         Dismiss  .     (no cloak)
rCorr  .         Reflect  .     (no gloves)
SustAt .         Harm     .     u - +1 pair of boots
MR     ++...                    (no amulet)
Stlth  ..........               v - ring "Ipninn" {rC+ MR+ Dex-2 Slay+2}
                                n - ring of protection from magic

@: berserking, very quick, very resistant to hostile enchantments, extremely
unstealthy
A: retaliatory headbutt, horns 2
a: Berserk, Trog's Hand, Brothers in Arms, Burn Spellbooks, Renounce Religion


You were on level 10 of the Dungeon.
You worshipped Trog.
Trog was extremely pleased with you.
You were hungry.

You visited 1 branch of the dungeon, and saw 10 of its levels.
You also visited: Sewer.

You collected 468 gold pieces.
You spent 44 gold pieces at shops.

Inventory:

Hand Weapons
 j - a +0 glaive
 x - a +0 halberd
 y - a +1 vampiric trident (weapon)
 I - a +2 trident of piercing
Missiles
 L - a throwing net (quivered)
Armour
 u - a +1 pair of boots (worn)
 D - a +0 plate armour (worn)
Jewellery
 b - an uncursed ring of resist corrosion
 e - an uncursed ring of ice
 n - a ring of protection from magic (left hand)
 v - the ring "Ipninn" (right hand) {rC+ MR+ Dex-2 Slay+2}
   (You found it on level 5 of the Dungeon)

   [ring of protection from magic]

   It affects your dexterity (-2).
   It affects your accuracy and damage with ranged weapons and melee attacks
   (+2).
   It protects you from cold.
   It affects your resistance to hostile enchantments.
 F - an uncursed ring of protection from magic
Wands
 l - a wand of digging (7/24)
 p - a wand of iceblast (6/15)
 J - a wand of flame (24/48)
 K - a wand of flame (28/48)
Scrolls
 g - a scroll of recharging
 q - 4 scrolls of teleportation
 r - 3 scrolls of magic mapping
 w - a scroll of enchant weapon
 z - 2 scrolls of fear
 B - 3 scrolls of silence
Potions
 f - a potion of mutation {unknown}
 h - 3 potions of magic
 i - 2 potions of haste
 k - a potion of beneficial mutation
 m - 6 potions of heal wounds
 o - 3 potions of might
 s - 8 potions of curing
 t - 2 potions of brilliance
 A - a potion of cancellation
 C - a potion of agility
Comestibles
 a - 15 chunks of flesh
 c - 10 bread rations
 d - 8 fruits
 G - a slice of pizza
 H - 7 beef jerkies


   Skills:
 + Level 10.9 Fighting
 + Level 14.3 Polearms
 * Level 10.7 Armour
 - Level 2.1 Dodging


You had 10 spell levels left.
You didn't know any spells.

Dungeon Overview and Level Annotations

Branches:
Dungeon (10/15)            Temple (0/1) D:5             Orc (0/2) D:9
   Lair: D:8-11

Altars:
Ashenzari
Gozag
Makhleb
Okawaru
Pakellas
Qazlal
Sif Muna
Vehumet
Xom
The Shining One

Shops:
D:6 *

Annotations:
D:10 Snorg


Innate Abilities, Weirdness & Mutations

You reflexively headbutt those who attack you in melee.
You have a pair of horns on your head.


Message History

Snorg bites you but does no damage. Snorg claws you but does no damage.
Snorg claws you!
* * * LOW HITPOINT WARNING * * *
A red film seems to cover your vision as you go berserk!
You feel yourself moving faster!
You feel mighty!
You are feeling hungry.
Snorg bites you but does no damage. Snorg claws you.
* * * LOW HITPOINT WARNING * * *
Snorg barely misses you.
You puncture Snorg! Your headbutt misses Snorg.
Snorg is heavily wounded.
Snorg barely misses you. You furiously retaliate!
You headbutt Snorg!! Snorg closely misses you. Snorg claws you!
* * * LOW HITPOINT WARNING * * *
You puncture Snorg!
Snorg is almost dead.
The giant frog closely misses you. Snorg bites you.
* * * LOW HITPOINT WARNING * * *
Snorg barely misses you. Snorg claws you.
You die...

####### # #.....#
####################### #.....#
#....F................. #.....#
#>...T@................
#..(..######.#######.#.##.##.#.
#.....'..F.#.##### #.#.##.##.##
#.....####.#.....# #.#.##.##...
#.....# #....##.###.#.##.#####
#.....>..
####.##.....#.##.##...
#.....###. #.########....##...
#..... .# #.# #######... #####.
. ..# #...


You could see Snorg (berserk) and a giant frog.

Vanquished Creatures
  The ghost of Ery the Protected, a novice MiBe of Trog (D:9)
  An unseen horror (D:10)
  Pikel (D:7)
  A hill giant (D:10)
  An ugly thing (D:6)
  Joseph (D:7)
  Psyche (D:9)
  Prince Ribbit (D:7)
  Sigmund (D:2)
  A wyvern (D:8)
  A steam dragon (D:9)
  A hippogriff (D:7)
  3 water moccasins
  6 orc warriors
  2 ice beasts (D:7)
  A phantom (D:4)
  2 sky beasts
  6 ogres
  4 centaurs
  3 big kobolds (Sewer)
  2 giant frogs
  A gnoll sergeant (D:7)
  A wyvern skeleton (D:10)
  6 killer bees (D:8)
  3 scorpions
  3 wights (D:8)
  4 howler monkeys
  4 jellies
  4 crimson imps
  A centaur zombie (D:5)
  2 centaur skeletons (D:9)
  2 hounds
  3 orc priests
  4 giant frog skeletons
  A giant frog zombie (D:5)
  2 iguanas
  Terence (D:2)
  4 orc wizards
  11 worker ants
  A hound skeleton (D:5)
  4 gnolls
  A worker ant zombie (D:9)
  A howler monkey skeleton (D:8)
  7 adders
  3 river rats (D:4)
  3 shadow imps
  2 oozes (Sewer)
  An adder zombie (D:5)
  2 adder skeletons (D:5)
  3 worms
  3 dart slugs
  4 giant geckos
  33 orcs
  2 ball pythons
  10 giant cockroaches
  6 goblins
  13 hobgoblins
  4 jackals (D:8)
  16 kobolds
  5 quokkas
  9 bats
  13 giant newts
  5 rats
249 creatures vanquished.

Vanquished Creatures (collateral kills)
  A troll (D:9)
1 creature vanquished.

Vanquished Creatures (others)
  2 slaves (D:7)
  A centaur zombie (D:7)
  A hound (D:7)
  A gnoll (D:7)
5 creatures vanquished.

Grand Total: 255 creatures vanquished

Notes
Turn   | Place    | Note
--------------------------------------------------------------
     0 | D:1      | Kloppie the Minotaur Berserker began the quest for the Orb.
     0 | D:1      | Reached XP level 1. HP: 19/19 MP: 0/0
   222 | D:1      | Reached skill level 4 in Polearms
   290 | D:1      | Reached XP level 2. HP: 27/27 MP: 1/1
   572 | D:2      | Noticed Terence
   584 | D:2      | Killed Terence
   584 | D:2      | Reached ** piety under Trog
   584 | D:2      | Reached XP level 3. HP: 17/33 MP: 2/2
   793 | D:2      | Found an iron altar of Okawaru.
   807 | D:2      | Found a stormy altar of Qazlal.
   835 | D:2      | Noticed Sigmund
   859 | D:2      | Killed Sigmund
   859 | D:2      | Reached skill level 5 in Fighting
   859 | D:2      | Reached skill level 5 in Polearms
   859 | D:2      | Reached XP level 4. HP: 26/42 MP: 3/3
   859 | D:2      | Reached XP level 5. HP: 30/48 MP: 4/4
  1079 | D:2      | Found a radiant altar of Vehumet.
  1159 | D:2      | Found a shattered altar of Ashenzari.
  1270 | D:2      | Reached skill level 6 in Polearms
  1627 | D:2      | Noticed an ogre
  1632 | D:2      | Killed an ogre
  1632 | D:2      | Reached XP level 6. HP: 56/56 MP: 5/5
  1676 | D:2      | Found a burning altar of Makhleb.
  1676 | D:2      | Noticed a cacodemon
  2126 | D:3      | Reached *** piety under Trog
  2177 | D:3      | Reached skill level 7 in Polearms
  2654 | D:4      | Found a glowing golden altar of the Shining One.
  2710 | D:4      | Found an oddly glowing altar of Pakellas.
  2840 | D:4      | Reached XP level 7. HP: 62/62 MP: 6/6
  2980 | D:4      | Reached skill level 5 in Armour
  3065 | D:4      | Received a gift from Trog
  3140 | D:4      | Found a glowing drain.
  3178 | Sewer    | Entered a sewer
  3209 | Sewer    | Reached skill level 8 in Polearms
  3354 | Sewer    | Reached **** piety under Trog
  3425 | Sewer    | Received a gift from Trog
  3827 | D:5      | Entered Level 5 of the Dungeon
  3889 | D:5      | Reached XP level 8. HP: 71/71 MP: 7/7
  3926 | D:5      | Found a deep blue altar of Sif Muna.
  3965 | D:5      | Found a staircase to the Ecumenical Temple.
  4041 | D:5      | Reached skill level 9 in Polearms
  4059 | D:5      | Found an iron altar of Okawaru.
  4130 | D:5      | Got a fine turquoise ring
  4367 | D:5      | Identified the ring "Ipninn" {rC+ MR+ Dex-2 Slay+2} (You found it on level 5 of the Dungeon)
  4794 | D:6      | Reached skill level 10 in Polearms
  4831 | D:6      | Noticed a white ugly thing
  4851 | D:6      | Killed a white ugly thing
  4851 | D:6      | Reached XP level 9. HP: 18/81 MP: 8/8
  5268 | D:6      | Found Paonok's Assorted Antiques.
  5276 | D:6      | Bought a scroll of identify for 44 gold pieces
  5575 | D:7      | Reached skill level 11 in Polearms
  5603 | D:7      | Noticed Joseph
  5620 | D:7      | Killed Joseph
  5639 | D:7      | Noticed Pikel
  5661 | D:7      | Killed Pikel
  5769 | D:7      | Reached skill level 12 in Polearms
  5828 | D:7      | Noticed Prince Ribbit
  5843 | D:7      | Killed Prince Ribbit
  6072 | D:7      | Reached XP level 10. HP: 91/91 MP: 9/9
  6398 | D:8      | Reached ***** piety under Trog
  6760 | D:8      | Reached skill level 13 in Polearms
  6764 | D:8      | Found an opulent altar of Gozag.
  7217 | D:9      | Noticed Psyche
  7248 | D:9      | Killed Psyche
  7248 | D:9      | Received a gift from Trog
  7248 | D:9      | Reached skill level 10 in Fighting
  7344 | D:9      | Noticed Ery's ghost (novice MiBe)
  7383 | D:9      | Killed Ery's ghost
  7456 | D:9      | Reached skill level 10 in Armour
  7578 | D:9      | Found a staircase to the Orcish Mines.
  7596 | D:9      | Reached skill level 14 in Polearms
  7940 | D:9      | Found a shimmering altar of Xom.
  7940 | D:9      | Found a shimmering altar of Xom.
  7940 | D:9      | Noticed an eye of devastation
  7941 | D:9      | Found a shimmering altar of Xom.
  7941 | D:9      | Found a shimmering altar of Xom.
  7941 | D:9      | Found a shimmering altar of Xom.
  7941 | D:9      | Found a shimmering altar of Xom.
  7941 | D:9      | Found a shimmering altar of Xom.
  7941 | D:9      | Noticed a death drake
  7942 | D:9      | Found a shimmering altar of Xom.
  7942 | D:9      | Noticed a water nymph
  7942 | D:9      | an eye of devastation changed into a water nymph
  7949 | D:9      | Noticed an elephant
  7949 | D:9      | a death drake changed into an elephant
  8040 | D:10     | Entered Level 10 of the Dungeon
  8043 | D:10     | Noticed a hill giant
  8051 | D:10     | Killed a hill giant
  8051 | D:10     | Reached XP level 11. HP: 101/101 MP: 10/10
  8154 | D:10     | Killed an unseen horror
  8161 | D:10     | Noticed Snorg
  8182 | D:10     | HP: 5/151 [Snorg (3)]
  8182 | D:10     | Slain by Snorg

Skill      XL: |  1  2  3  4  5  6  7  8  9 10 |
---------------+-------------------------------+-----
Polearms       | 4 5 6 7 8 10 12 14 | 14.3
Fighting       | 4 5 6 8 9 10 | 10.9
Armour         | 3 4 5 7 8 10 | 10.7
Dodging        | |  2.1

Action                   |  1- 3 |  4- 6 |  7- 9 | 10-12 || total
-------------------------+-------+-------+-------+-------++-------
Melee: Spear             |    54 |       |       |       ||    54
       Headbutt          |     9 |    21 |    58 |    45 ||   133
       Trident           |    10 |   144 |   376 |   298 ||   828
Invok: Berserk           |     2 |     2 |     2 |     3 ||     9
       Trog's Hand       |       |     1 |     1 |     2 ||     4
       Brothers in Arms  |       |       |       |     2 ||     2
Evoke: Wand              |       |       |       |     4 ||     4
  Use: Scroll            |       |       |    22 |     4 ||    26
  Eat: Chunk             |     1 |     9 |    13 |     9 ||    32
       Meat ration       |       |     1 |       |       ||     1
Armor: Chain mail        |    13 |    38 |    84 |       ||   135
       Plate armour      |       |       |    74 |   109 ||   183
Dodge: Dodged            |    10 |    40 |   102 |    47 ||   199
